 Dungeon Crawl Stone Soup version 0.21.1-1-g345015fe64 (webtiles) character file.

142747 Oravi the Whirler (level 17, -7/123 HPs)
             Began as a Halfling Fighter on Mar 26, 2018.
             Was the Champion of Okawaru.
             Killed from afar by Nikola (30 damage)
             ... with a chain lightning
             ... on level 4 of the Shoals.
             The game lasted 05:52:56 (33847 turns).

Oravi the Whirler (Halfling Fighter)               Turns: 33847, Time: 05:52:57

Health: -7/123     AC: 20    Str: 24    XL:     17   Next: 97%
Magic:  21/21      EV: 32    Int: 10    God:    Okawaru [******]
Gold:   1763       SH: 22    Dex: 31    Spells: 16/16 levels left

rFire    . . .     SeeInvis .   a - +9 short sword (venom)
rCold    . . .     Gourm    .   c - +3 shield
rNeg     . . .     Faith    .   y - +1 scale mail of Mental Paralysis {Regen+ Int+4 Dex+4}
rPois    .         Spirit   .   g - +2 hat
rElec    .         Reflect  .   E - +0 cloak
rCorr    +         Harm     .   i - +2 pair of gloves
MR       +....                  D - +1 pair of boots of Pes Vuo {rCorr Dex+2}
Stlth    ++........             F - amulet of Untruth {Regen+ Str+4 Dex+2}
HPRegen  1.10/turn              W - +2 ring of evasion
MPRegen  0.17/turn              G - +5 ring of dexterity

@: heroism, drained
A: small, mutation resistance 1
a: Heroism, Finesse, Renounce Religion


You were on level 4 of the Shoals.
You worshipped Okawaru.
Okawaru was exalted by your worship.
You were not hungry.

You visited 6 branches of the dungeon, and saw 29 of its levels.

You collected 2358 gold pieces.
You spent 595 gold pieces at shops.

Inventory:

Hand Weapons
 a - a +9 short sword of venom (weapon)
 b - a +0 hunting sling
 V - a +1 rapier of draining
 Y - a +6 rapier of protection
Missiles
 o - 713 stones (quivered)
 H - 77 sling bullets
Armour
 c - a +3 shield (worn)
 g - a +2 hat (worn)
 i - a +2 pair of gloves (worn)
 q - the +1 ring mail of the Mutiny {rF+}
   (You found it on level 6 of the Dungeon)

   It protects you from fire.
 u - a +2 pair of boots of running
 y - the +1 scale mail of Mental Paralysis (worn) {Regen+ Int+4 Dex+4}
   (You found it on level 14 of the Dungeon)

   It affects your intelligence (+4).
   It affects your dexterity (+4).
   It increases your rate of regeneration.
 D - the +1 pair of boots of Pes Vuo (worn) {rCorr Dex+2}
   (Okawaru gifted it to you on level 12 of the Dungeon)

   It affects your dexterity (+2).
   It protects you from acid and corrosion.
 E - a +0 cloak (worn)
 N - a +3 plate armour of poison resistance
Jewellery
 A - an uncursed amulet of rage
 B - an uncursed ring of protection from cold
 F - the amulet of Untruth (around neck) {Regen+ Str+4 Dex+2}
   (You bought it in a shop on level 6 of the Dungeon)

   [amulet of regeneration]

   It affects your strength (+4).
   It affects your dexterity (+2).
   It increases your rate of regeneration.
 G - a +5 ring of dexterity (right hand)
 S - an uncursed ring of positive energy
 U - an uncursed ring of see invisible
 W - a +2 ring of evasion (left hand)
 Z - a +4 ring of dexterity
Wands
 d - a wand of disintegration (21)
 k - a wand of clouds (4)
 l - a wand of paralysis (25)
 v - a wand of acid (9)
 w - a wand of iceblast (7)
 C - a wand of random effects (39)
 Q - a wand of scattershot (9)
 R - a wand of flame (75)
Scrolls
 h - 3 scrolls of fear
 n - 8 scrolls of teleportation
 p - 5 scrolls of magic mapping
 K - 5 scrolls of fog
 L - 2 scrolls of remove curse
 P - a scroll of identify
 T - a scroll of blinking
 X - a scroll of brand weapon
Potions
 e - 3 potions of haste
 j - 14 potions of curing
 m - 3 potions of berserk rage
 r - 2 potions of cancellation
 s - 3 potions of brilliance
 x - 2 potions of invisibility
 z - a potion of magic {unknown}
 I - 6 potions of mutation {unknown}
 J - 2 potions of resistance
 M - a potion of heal wounds
 O - 2 potions of flight {unknown}
Comestibles
 f - 38 rations


   Skills:
 + Level 13.6(18.2) Fighting
 * Level 15.5(20.1) Short Blades
 * Level 16.5(21.1) Slings
 + Level 9.4(14.1) Armour
 + Level 10.1(14.8) Dodging
 + Level 16.4(21.0) Shields
 + Level 6.2(5.9) Invocations
 + Level 1.6(1.3) Evocations


You had 16 spell levels left.
You didn't know any spells.

Dungeon Overview and Level Annotations

Branches:
Dungeon (15/15)            Temple (1/1) D:4            Lair (6/6) D:9
 Shoals (4/4) Lair:4       Spider (1/4) Lair:4        Slime (0/5) Lair:6
    Orc (2/2) D:12            Elf (0/3) Orc:2        Vaults (0/5) D:14
 Depths (0/5) D:15

Altars:
Ashenzari
Cheibriados
Dithmenos
Elyvilon
Fedhas
Gozag
Hepliaklqana
Kikubaaqudgha
Makhleb
Nemelex Xobeh
Okawaru
Qazlal
Ru
Sif Muna
Trog
Uskayaw
Vehumet
Wu Jian
Xom
Yredelemnul
Zin
The Shining One

Shops:
D:6 =   D:9 :   D:10 ?   Orc:2 ==!(:   Shoals:1 *

Annotations:
Shoals:4 exclusion: Roxanne, Ilsuiw, Nikola, Roxanne


Innate Abilities, Weirdness & Mutations

You are small and have problems with some larger weapons.
You are somewhat resistant to further mutation.


Message History

You hear a splash.
You hear a shout! x6; You hear a screech!
You hear a shout! x4
You puncture Nikola!
Nikola is moderately wounded.
You block the merfolk's attack.
A cyclops comes into view.
You puncture Nikola!
Nikola looks as sick as possible!
Nikola is heavily wounded.
Nikola gestures wildly while chanting.
You hear a mighty clap of thunder!
The lightning arc hits you!
The lightning arc hits the merfolk.
The merfolk dies!
The lightning arc hits you!
The lightning arc hits Nikola.
The lightning arc hits you!
You hear a screech!
You hear a shout!
You hear an angry hiss.
You hear a shout!
Nikola casts a spell.
You hear a mighty clap of thunder!
The lightning arc hits you!
* * * LOW HITPOINT WARNING * * *
The lightning arc hits Nikola.
The lightning arc hits you!
You die...

..C≈≈ .....
≈≈≈≈...≈≈≈ .....
≈≈≈≈.#.... ...# .
≈≈≈≈.##.≈####..##..
#≈≈≈≈≈......≈........
#≈≈≈≈≈≈≈≈≈≈.)........
#≈≈≈≈≈≈≈≈....@.......
#≈≈≈≈≈≈≈.....@...#
#≈≈≈≈≈≈≈.....)..##
#≈≈≈≈≈≈≈....)..##
#≈≈≈≈≈≈..≈.....#
#≈≈≈≈≈.<.......#
#≈≈≈≈≈.........#
#≈≈≈≈≈≈........#
#≈≈≈≈≈≈..(...(.#
#≈≈≈≈≈≈≈.......#


You could see Nikola and a cyclops.

Vanquished Creatures
  Polyphemus (Shoals:3)
  Gastronok (Lair:1)
  The ghost of KleinerIrrer the Severer, a journeyman FoFi of the Shining One (Orc:1)
  A stone giant (Orc:1)
  The ghost of Oravi the Slicer, a journeyman HaFi of Okawaru (Orc:2)
  A dire elephant (Lair:6)
  Snorg (Orc:1)
  Erolcha (D:10)
  5 merfolk impalers
  7 hydras
  Fannar (Lair:2)
  2 catoblepae
  4 vault guards (D:14)
  3 merfolk avatars
  Erica (D:8)
  A centaur warrior (D:12)
  3 merfolk aquamancers (Shoals:4)
  12 death yaks
  5 two-headed ogres
  A deep troll shaman (Lair:6)
  A tengu warrior (D:10)
  A vampire mage (D:15)
  7 orc high priests
  5 skeletal warriors
  Nergalle (D:12)
  6 sea snakes
  A wizard (D:15)
  Pikel (D:7)
  25 harpies
  An orb spider (shapeshifter) (D:13)
  A wolf spider (Lair:4)
  An oklob plant (Lair:4)
  8 orc knights (Orc:2)
  4 deep elf magi
  A necromancer (D:15)
  15 ugly things
  14 manticores
  5 cyclopes
  6 fauns
  Maurice (D:8)
  8 merfolk sirens
  8 elephants
  4 water nymphs
  7 black mambas
  2 rime drakes
  11 komodo dragons
  6 spiny frogs
  The ghost of FTLSpaceWarp the Conjurer, a novice DrCj of Ru (D:5)
  An efreet (D:13)
  A kobold demonologist (D:13)
  5 yaktaurs (D:15)
  A yaktaur (shapeshifter) (D:13)
  2 guardian mummies (D:15)
  A jumping spider (Lair:4)
  A spriggan skeleton (D:15)
  18 merfolk
  A wind drake (Shoals:4)
  A polar bear (Lair:6)
  3 trolls
  A hornet (D:12)
  2 fire dragon zombies (D:15)
  7 blink frogs
  7 hippogriffs
  8 slime creatures
  11 dream sheep
  7 snapping turtles
  7 water elementals
  4 wyverns
  A redback (Lair:4)
  A shadow (D:12)
  2 humans (D:10)
  33 yaks
  A hungry ghost (D:14)
  A human (shapeshifter) (D:15)
  A vampire (D:14)
  2 basilisks
  2 steam dragons
  4 vampire mosquitoes (D:14)
  A soldier ant (D:14)
  2 acid dragons
  18 water moccasins
  4 wargs
  A tengu zombie (D:15)
  Edmund (D:6)
  6 porcupines
  4 black bears
  4 ice beasts
  A slave (D:7)
  A sky beast (D:13)
  9 ogres
  38 orc warriors
  2 necrophages
  15 centaurs
  An eye of draining (D:15)
  A phantom (D:4)
  30 wolves
  6 crocodiles
  A big kobold (D:9)
  23 bullfrogs
  A gnoll sergeant (D:9)
  3 wyvern zombies
  A water moccasin skeleton (D:10)
  2 scorpions
  A wyvern skeleton (D:12)
  A killer bee (D:6)
  12 wights
  4 howler monkeys
  3 crimson imps
  5 centaur zombies
  A bullfrog zombie (D:5)
  26 orc priests
  5 centaur skeletons
  5 hounds
  5 jellies
  Jessica (D:3)
  5 bullfrog skeletons
  6 iguanas
  17 orc wizards
  Ijyb (D:3)
  9 worker ants
  4 hell rats (Lair:1)
  A worker ant zombie (D:3)
  10 adders
  5 gnolls
  3 river rats (Lair:1)
  A howler monkey skeleton (D:11)
  7 shadow imps
  3 adder zombies (D:3)
  2 adder skeletons (D:3)
  2 worms
  3 dart slugs
  5 leopard geckos
  60 orcs
  6 giant cockroaches
  9 goblins
  4 hobgoblins
  6 jackals
  11 kobolds
  3 quokkas
  2 ball pythons
  A ball python zombie (D:3)
  5 bats
  4 frilled lizards
  A jackal skeleton (D:3)
  A jackal zombie (D:3)
  14 rats
  2 butterflies (D:6)
  2 plants (Shoals:4)
802 creatures vanquished.

Vanquished Creatures (others)
  2 merfolk aquamancers (Shoals:4)
  2 merfolk (Shoals:4)
  3 slaves (D:7)
  An ogre (D:7)
  A centaur (D:7)
  A hound (D:7)
  An orc wizard (D:6)
  19 fungi
  18 plants
  A withered plant (D:15)
49 creatures vanquished.

Grand Total: 851 creatures vanquished

Notes
Turn   | Place    | Note
-------+----------+-------------------------------------------
     0 | D:1      | Oravi the Halfling Fighter began the quest for the Orb.
     0 | D:1      | Reached XP level 1. HP: 15/15 MP: 1/1
    69 | D:1      | Reached XP level 2. HP: 18/20 MP: 2/2
   357 | D:1      | Reached XP level 3. HP: 16/26 MP: 3/3
  1084 | D:2      | Found a sparkling altar of Nemelex Xobeh.
  1539 | D:2      | Found an ornate altar of the Wu Jian Council.
  1977 | D:2      | Reached XP level 4. HP: 31/31 MP: 4/4
  2356 | D:3      | Noticed Jessica
  2360 | D:3      | Killed Jessica
  2384 | D:3      | Reached XP level 5. HP: 36/36 MP: 5/5
  2933 | D:3      | Noticed Ijyb
  2939 | D:3      | Paralysed by Ijyb for 2 turns
  2945 | D:3      | Paralysed by Ijyb for 4 turns
  2950 | D:3      | Killed Ijyb
  3477 | D:4      | Reached XP level 6. HP: 36/42 MP: 6/6
  3493 | D:4      | Noticed a phantom
  3511 | D:4      | Killed a phantom
  3511 | D:4      | Reached skill level 5 in Slings
  3779 | D:4      | Found a shadowy altar of Dithmenos.
  3815 | D:4      | Found a staircase to the Ecumenical Temple.
  3830 | Temple   | Entered the Ecumenical Temple
  3861 | Temple   | Became a worshipper of Warmaster Okawaru
  4007 | D:5      | Entered Level 5 of the Dungeon
  4007 | D:5      | Found a basalt altar of Yredelemnul.
  4134 | D:4      | Noticed an ogre
  4263 | D:4      | Found a hazy altar of Hepliaklqana.
  4263 | D:4      | Found a stormy altar of Qazlal.
  4478 | D:4      | Found a shimmering altar of Xom.
  4478 | D:4      | Found a bloodstained altar of Trog.
  4661 | D:5      | Reached XP level 7. HP: 41/46 MP: 7/7
  4683 | D:6      | Found a radiant altar of Vehumet.
  4796 | D:5      | Found a glowing golden altar of the Shining One.
  4798 | D:5      | Noticed FTLSpaceWarp's ghost (novice DrCj)
  5507 | D:5      | Found a shadowy altar of Dithmenos.
  6001 | D:6      | Found a runed door.
  6060 | D:6      | Found a runed door.
  6082 | D:6      | Found Hiuc's Jewellery Emporium.
  6113 | D:6      | Reached skill level 1 in Dodging
  6325 | D:6      | Noticed Edmund
  6338 | D:6      | Killed Edmund
  6338 | D:6      | Reached * piety under Okawaru
  6338 | D:6      | Reached skill level 5 in Short Blades
  6338 | D:6      | Reached XP level 8. HP: 53/54 MP: 8/8
  6397 | D:6      | Got a warped scale mail
  6408 | D:6      | Identified the cursed +1 scale mail of Dyspraxia {rF- Int+4} (You found it on level 6 of the Dungeon)
  6434 | D:6      | Found a blossoming altar of Fedhas.
  6464 | D:6      | Got a pitted ring mail
  6643 | D:7      | Identified the +1 ring mail of the Mutiny {rF+} (You found it on level 6 of the Dungeon)
  6768 | D:7      | Noticed Pikel
  6799 | D:7      | Killed Pikel
  6799 | D:7      | Reached skill level 5 in Armour
  7034 | D:7      | Reached skill level 5 in Shields
  7114 | D:7      | Reached XP level 9. HP: 41/59 MP: 9/9
  7341 | D:7      | Found an ancient bone altar of Kikubaaqudgha.
  7723 | D:7      | Noticed a troll
  7737 | D:7      | Killed a troll
  7737 | D:7      | Reached ** piety under Okawaru
  7737 | D:7      | Reached skill level 10 in Slings
  8001 | D:8      | Reached skill level 1 in Invocations
  8079 | D:8      | Found a glowing golden altar of the Shining One.
  8314 | D:8      | Noticed Maurice
  8316 | D:8      | Paralysed by Maurice for 7 turns
  8348 | D:8      | Killed Maurice
  8348 | D:8      | Reached skill level 5 in Fighting
  8538 | D:8      | Noticed Erica
  8567 | D:8      | Killed Erica
  8567 | D:8      | Reached *** piety under Okawaru
  8567 | D:8      | Reached XP level 10. HP: 24/66 MP: 10/10
  9120 | D:6      | Bought the amulet of Untruth {Regen+ Str+4 Dex+2} for 595 gold pieces
  9312 | D:9      | Reached skill level 1 in Evocations
  9474 | D:9      | Found an ornate altar of the Wu Jian Council.
  9477 | D:9      | Noticed a two-headed ogre
  9494 | D:9      | Noticed a two-headed ogre
  9907 | D:9      | Found a staircase to the Lair.
  9932 | D:9      | Killed a two-headed ogre
  9970 | D:9      | Found Luups's Book Emporium.
 10069 | D:10     | Entered Level 10 of the Dungeon
 10417 | D:10     | Reached XP level 11. HP: 72/74 MP: 12/12
 10750 | D:10     | Reached **** piety under Okawaru
 10828 | D:10     | Received a gift from Okawaru
 10860 | D:10     | Noticed Erolcha
 10872 | D:10     | Killed Erolcha
 10959 | D:10     | Noticed a two-headed ogre
 10978 | D:10     | Killed a two-headed ogre
 11151 | D:10     | Found Quoz's Magic Scroll Shoppe.
 11490 | D:10     | Reached skill level 10 in Short Blades
 11572 | D:10     | Noticed a tengu warrior
 11600 | D:10     | Killed a tengu warrior
 11600 | D:10     | Reached ***** piety under Okawaru
 11885 | D:10     | Found an iron altar of Okawaru.
 12164 | D:11     | Received a gift from Okawaru
 12215 | D:11     | Noticed a cyan ugly thing
 12225 | D:11     | Killed a cyan ugly thing
 12641 | D:11     | Received a gift from Okawaru
 12641 | D:11     | Reached XP level 12. HP: 82/82 MP: 13/13
 12651 | D:12     | Noticed a two-headed ogre
 12876 | D:12     | Noticed a centaur warrior
 12902 | D:12     | Killed a centaur warrior
 12902 | D:12     | Received a gift from Okawaru
 12978 | D:12     | Found a staircase to the Orcish Mines.
 13136 | D:12     | Killed a two-headed ogre
 13214 | D:12     | Noticed Nergalle
 13234 | D:12     | Killed Nergalle
 13360 | D:12     | Received a gift from Okawaru
 13884 | D:9      | Killed a two-headed ogre
 13894 | Lair:1   | Entered Level 1 of the Lair of Beasts
 13982 | Lair:1   | Received a gift from Okawaru
 14100 | Lair:1   | Reached skill level 5 in Dodging
 14251 | Lair:1   | Noticed Gastronok
 14282 | Lair:1   | Killed Gastronok
 14282 | Lair:1   | Received a gift from Okawaru
 14282 | Lair:1   | Reached ****** piety under Okawaru
 14282 | Lair:1   | Reached XP level 13. HP: 72/91 MP: 15/15
 14413 | Lair:1   | Received a gift from Okawaru
 14541 | Lair:1   | Reached skill level 10 in Shields
 14577 | Lair:1   | Reached skill level 10 in Fighting
 16104 | Lair:2   | Noticed Fannar
 16141 | Lair:2   | Killed Fannar
 16528 | Lair:3   | Received a gift from Okawaru
 16601 | Lair:3   | Noticed a five-headed hydra
 16638 | Lair:2   | Killed a five-headed hydra
 16698 | Lair:4   | Found a staircase to the Shoals.
 16866 | Lair:3   | Noticed an eight-headed hydra
 16890 | Lair:3   | Received a gift from Okawaru
 16910 | Lair:3   | Killed an eight-headed hydra
 16955 | Lair:3   | Identified the Disquisition on Doomed Execration
 17231 | Lair:3   | Received a gift from Okawaru
 17922 | Lair:4   | Reached XP level 14. HP: 67/99 MP: 16/16
 18298 | Lair:4   | Found a hole to the Spider Nest.
 18477 | Spider:1 | Entered Level 1 of the Spider Nest
 18853 | Lair:5   | Received a gift from Okawaru
 19358 | Lair:5   | Received a gift from Okawaru
 19542 | Lair:5   | Identified a +1 pair of boots of running (Okawaru gifted it to you on level 5 of the Lair of Beasts)
 19697 | Lair:6   | Entered Level 6 of the Lair of Beasts
 20538 | Lair:6   | Found a staircase to the Slime Pits.
 21437 | Lair:6   | Reached XP level 15. HP: 102/108 MP: 17/17
 21497 | Lair:6   | Received a gift from Okawaru
 21993 | Orc:1    | Entered Level 1 of the Orcish Mines
 21993 | Orc:1    | Noticed a stone giant
 22008 | Orc:1    | Killed a stone giant
 22013 | Orc:1    | Noticed KleinerIrrer's ghost (journeyman FoFi)
 22068 | D:12     | Received a gift from Okawaru
 22069 | D:12     | Got a pair of ichor-stained boots {god gift}
 22080 | D:12     | Identified the +1 pair of boots of Pes Vuo {rCorr Dex+2} (Okawaru gifted it to you on level 12 of the Dungeon)
 22275 | Orc:1    | Killed KleinerIrrer's ghost
 22441 | Orc:1    | Found a frozen archway.
 22668 | Orc:1    | Noticed Snorg
 22687 | Orc:1    | Killed Snorg
 22876 | Orc:2    | Entered Level 2 of the Orcish Mines
 22876 | Orc:2    | Found Heiclych's Book Shop.
 22931 | Orc:2    | Noticed Oravi's ghost (journeyman HaFi)
 23044 | Orc:2    | Killed Oravi's ghost
 24056 | Orc:2    | Found a staircase to the Elven Halls.
 24289 | Orc:2    | Reached skill level 5 in Invocations
 24428 | Orc:2    | Found Laestreurgh's Weapon Boutique.
 24432 | Orc:2    | Found Wakhes's Jewellery Boutique.
 24432 | Orc:2    | Found Ereunk's Jewellery Shop.
 24433 | Orc:2    | Found Qayz's Distillery.
 24968 | D:5      | Killed FTLSpaceWarp's ghost
 24968 | D:5      | Received a gift from Okawaru
 26082 | D:13     | Reached XP level 16. HP: 91/116 MP: 18/20
 26933 | D:14     | Got a crude scale mail
 26957 | D:14     | Identified the cursed +1 scale mail of Mental Paralysis {Regen+ Int+4 Dex+4} (You found it on level 14 of the Dungeon)
 27063 | D:14     | Received a gift from Okawaru
 27063 | D:14     | Reached skill level 15 in Slings
 27434 | D:14     | Received a gift from Okawaru
 27717 | D:14     | Received a gift from Okawaru
 27843 | D:14     | Found a gate to the Vaults.
 28189 | D:15     | Entered Level 15 of the Dungeon
 28602 | D:15     | Found a staircase to the Depths.
 28613 | D:15     | Received a gift from Okawaru
 29600 | Shoals:1 | Entered Level 1 of the Shoals
 29633 | Shoals:1 | Reached skill level 15 in Shields
 30040 | Shoals:1 | Found Jut Uxag's Assorted Antiques.
 30051 | Shoals:1 | Received a gift from Okawaru
 30235 | Shoals:1 | Reached XP level 17. HP: 109/122 MP: 21/21
 30269 | Shoals:1 | Received a gift from Okawaru
 31460 | Shoals:2 | Reached skill level 15 in Short Blades
 31882 | Shoals:3 | Noticed Polyphemus
 32057 | Shoals:3 | Killed Polyphemus
 32748 | Shoals:4 | Entered Level 4 of the Shoals
 32748 | Shoals:4 | Noticed Roxanne
 32798 | Shoals:4 | Reached skill level 10 in Dodging
 32903 | Shoals:4 | Received a gift from Okawaru
 33037 | Shoals:4 | HP: 5/123 [merfolk aquamancer/ball of steam (29)]
 33037 | Shoals:4 | HP: 2/123 [merfolk/trident (3)]
 33289 | Shoals:4 | Received a gift from Okawaru
 33573 | Shoals:4 | Received a gift from Okawaru
 33584 | Shoals:4 | Noticed Ilsuiw
 33628 | Shoals:4 | HP: 4/123 [merfolk aquamancer] (4)]
 33825 | Shoals:4 | Noticed Nikola
 33847 | Shoals:4 | Killed from afar by Nikola

Skill      XL: |  1  2  3  4  5  6  7  8  9 10 11 12 13 14 15 16 17 |
---------------+----------------------------------------------------+-----
Fighting       | 3 4 5 6 7 9 10 11 12 13 | 13.6
Short Blades   | 3 4 5 6 8 9 10 12 13 14 15 | 15.5
Slings         | 2 4 5 7 9 10 11 13 14 15 16 | 16.5
Shields        | 4 5 6 7 8 9 12 13 14 15 16 | 16.4
Armour         | 4 5 6 7 8 9 |  9.4
Dodging        | 1 2 3 4 5 6 8 9 10 | 10.1
Invocations    | 1 2 3 5 6 |  6.2
Evocations     | 1 |  1.6

Action                   |  1- 3 |  4- 6 |  7- 9 | 10-12 | 13-15 | 16-18 || total
-------------------------+-------+-------+-------+-------+-------+-------++-------
Melee: Rapier            |    80 |    62 |   239 |   279 |       |    62 ||   722
       Short sword       |       |       |       |   200 |  1372 |  1354 ||  2926
       Hunting sling     |       |       |       |     1 |       |       ||     1
 Fire: Hunting sling     |    15 |   141 |   231 |   463 |  1147 |   613 ||  2610
Throw: Stone             |       |       |       |       |     2 |     2 ||     4
Invok: Heroism           |       |       |     7 |    16 |    19 |     9 ||    51
       Finesse           |       |       |       |     1 |     6 |     4 ||    11
Evoke: Wand              |       |       |     6 |     4 |     2 |     4 ||    16
  Use: Scroll            |     4 |     3 |    13 |    11 |    13 |    10 ||    54
       Potion            |       |       |     1 |       |     1 |     4 ||     6
 Stab: Sleeping          |       |       |       |       |     1 |       ||     1
  Eat: Chunk             |     2 |     4 |    11 |    11 |    24 |    23 ||    75
       Ration            |       |     2 |       |     2 |     3 |     1 ||     8
Armor: Scale mail        |    27 |       |    16 |       |       |   182 ||   225
       Ring mail         |       |    24 |    48 |    80 |   136 |     9 ||   297
Dodge: Dodged            |    14 |    30 |    82 |   148 |   607 |   675 ||  1556
Block: Shield            |    28 |    55 |   141 |   261 |   890 |  1147 ||  2522
